 Dungeon Sprint DCSS version 0.32-a0-841-g4648e6c457 (webtiles) character file.

Game seed: 5537266696398644618

1367 BigDaddyOpFi the Coglin Cataclysm (level 8, -5/69 HPs)
             Began as a Coglin Fighter on Mar 26, 2024.
             Was a High Priest of Qazlal.
             Slain by a sixfirhy (11 damage)
             ... summoned by a kobold demonologist
             ... in the Dungeon (Sprint VII: "The Pits").
             The game lasted 00:02:40 (1234 turns).

BigDaddyOpFi the Coglin Cataclysm (Coglin Fighter)  Turns: 1234, Time: 00:02:41

Health: -5/69      AC:  0    Str: 18    XL:     8   Next: 65%
Magic:  14/14      EV:  5    Int:  7    God:    Qazlal [*****.]
Gold:   0          SH:  7    Dex: 15    Spells: 7/7 levels left

rFire   . . .        u - +2 war axe (freeze) {Bunsong}
rCold   . . .        p - +0 trident (heavy) {Bo}
rNeg    . . .        q - +2 plate armour
rPois   .            (no helmet)
rElec   +            (no cloak)
rCorr   .            (no gloves)
SInv    .            (no boots)
Will    .....        (amulet unavailable) Stlth
                     (ring unavailable)
HPRegen 0.31/turn    (ring unavailable)
MPRegen 0.14/turn    (no gizmo)

%: no teleportation, repel missiles
@: lethally poisoned (-5 -> -12), protected from electricity, corroded, revved
A: off-hand wielding, slow wielding, warmup strikes, no jewellery
a: Invent Gizmo, Renounce Religion, Upheaval, Elemental Force, Disaster Area


You were in the Dungeon.
You worshipped Qazlal.
Qazlal was extremely pleased with you.
You visited 1 branch

Inventory:

Hand Weapons
 a - a +0 war axe {Tertia}
 o - a +2 trident {Consuela}
 p - a +0 heavy trident (offhand) {Bo}
 u - a +2 war axe of freezing (weapon) {Bunsong}
Armour
 b - a +0 scale mail
 c - a +0 buckler
 q - a +2 plate armour (worn)
 t - a +0 cloak
Wands
 d - a wand of flame (20)
Scrolls
 j - a scroll of blinking
 l - 2 scrolls of vulnerability
 m - 5 scrolls of amnesia
 n - a scroll of summoning
Potions
 e - 6 potions of curing
 f - 10 potions of heal wounds
 g - 2 potions of haste
 h - 4 potions of magic
 i - 4 potions of berserk rage
 k - 2 potions of invisibility
 r - 2 potions of might
 s - a potion of mutation


   Skills:
 + Level 8.5 Fighting
 + Level 8.1 Axes
 + Level 7.5 Armour
 + Level 6.2 Shields
 * Level 9.0 Invocations


You had 7 spell levels left.
You didn't know any spells.
Your spell library was empty.

Dungeon Overview and Level Annotations

Branches:
Dungeon (1/1)

Altars:
Ashenzari
Cheibriados
Dithmenos
Elyvilon
Fedhas
Gozag
Hepliaklqana
Kikubaaqudgha
Makhleb
Nemelex Xobeh
Okawaru
Qazlal
Ru
Sif Muna
Trog
Uskayaw
Vehumet
Wu Jian
Xom
Yredelemnul
Zin
The Shining One
Beogh
Jiyva
Lugonu


Innate Abilities, Weirdness & Mutations

You can wield a second weapon in your off-hand.
It takes a long time for you to wield or remove held weapons.
Your first few attacks do less damage.
You cannot equip rings or amulets.


Message History

You closely miss the shadow imp with your +2 war axe of freezing.
You hit the shadow imp but do no damage.
You closely miss the rust devil with your +2 war axe of freezing.
You feel very sick. You block the shadow imp's attack.
The rust devil completely misses you. The crimson imp hits you.
The shadow imp hits you.
The kobold demonologist hits you with a +1 dagger of venom.
You are more poisoned.
The shadow imp hits you.
You feel more protected from physical attacks.
Unknown command.
You closely miss the kobold demonologist with your +2 war axe of freezing.
The kobold demonologist is almost dead.
You closely miss the rust devil with your +2 war axe of freezing.
You hit the crimson imp but do no damage.
You closely miss the shadow imp with your +2 war axe of freezing. x2
You hit the kobold demonologist with your +0 heavy trident.
You feel very sick. The rust devil hits you!
* * * LOW HITPOINT WARNING * * *
The rust devil corrodes you!
The crimson imp hits you but does no damage.
The shadow imp hits you.
* * * LOW HITPOINT WARNING * * *
You feel more protected from physical attacks.
The kobold demonologist gestures wildly while chanting.
The shadow imp hits you but does no damage.
The rust devil hits you!
* * * LOW HITPOINT WARNING * * *
The rust devil corrodes you! You block the crimson imp's attack.
The shadow imp closely misses you.
Unknown command.
You feel much better.
You feel very sick. The sixfirhy hits you!
* * * LOW HITPOINT WARNING * * *
The sixfirhy shocks you!
Your resistance to physical damage fades away.
You feel protected from electricity.
You die...

.)#####'#####''######
))##.......##''#
))##.......##..#
..##.......##..#
'###...<...##..####
..##.......##..#..###
..##.......##..#§...##
####.......##.§5°3§..#
..###########..'@4...+
)############..55K○..#
)#....#..[.##.°#☼...##
'#....#..[[##..#..###
.'....'==))##..####
÷#....#...)##..#
.#....#..))##..#
################


You could see a rust devil (summoned), a kobold demonologist, a sixfirhy
(summoned), a crimson imp (summoned) and 2 shadow imps.

Vanquished Creatures
  Pikel (D)
  A glass eye (D)
  A fire bat (D)
  A warg (D)
  A redback (D)
  A wolf (D)
  4 lemures (D)
  A weeping skull (D)
  6 killer bees (D)
  A crimson imp (D)
  A jelly (D)
  A gnoll bouda (D)
  3 gnolls (D)
  A river rat (D)
  A white imp (D)
  A ribbon worm (D)
  2 giant cockroaches (D)
  A goblin (D)
  3 hobgoblins (D)
  A kobold (D)
  A rat (D)
34 creatures vanquished.

Vanquished Creatures (others)
  A rat (D)
1 creature vanquished.

Grand Total: 35 creatures vanquished

Notes
Turn   | Place    | Note
-------+----------+-------------------------------------------
     0 | D        | BigDaddyOpFi the Coglin Fighter began the quest for the
                  | Orb.
     0 | D        | Reached XP level 1. HP: 18/18 MP: 1/1
    15 | D        | Reached XP level 2. HP: 7/24 MP: 2/2
   187 | D        | Found a bloodstained altar of Trog.
   187 | D        | Found a shimmering blue altar of Sif Muna.
   187 | D        | Found a viscous altar of Jiyva.
   187 | D        | Found a hazy altar of Hepliaklqana.
   187 | D        | Found an opulent altar of Gozag.
   188 | D        | Found a glowing golden altar of the Shining One.
   188 | D        | Found a glowing silver altar of Zin.
   188 | D        | Found a basalt altar of Yredelemnul.
   188 | D        | Found a shimmering altar of Xom.
   188 | D        | Found an ornate altar of the Wu Jian Council.
   188 | D        | Found a sacrificial altar of Ru.
   188 | D        | Found a stormy altar of Qazlal.
   188 | D        | Found an iron altar of Okawaru.
   188 | D        | Found a sparkling altar of Nemelex Xobeh.
   188 | D        | Found a burning altar of Makhleb.
   188 | D        | Found a blossoming altar of Fedhas.
   188 | D        | Found a white marble altar of Elyvilon.
   188 | D        | Found a shadowy altar of Dithmenos.
   188 | D        | Found a snail-covered altar of Cheibriados.
   189 | D        | Found a radiant altar of Vehumet.
   189 | D        | Found a corrupted altar of Lugonu.
   189 | D        | Found a roughly hewn altar of Beogh.
   190 | D        | Found an ancient bone altar of Kikubaaqudgha.
   190 | D        | Found a hide-covered altar of Uskayaw.
   190 | D        | Found a broken altar of Ashenzari.
   193 | D        | Became a worshipper of Qazlal Stormbringer
   243 | D        | Reached skill level 1 in Invocations
   401 | D        | Reached * piety under Qazlal
   417 | D        | Noticed a crimson imp
   421 | D        | Reached XP level 3. HP: 30/30 MP: 4/4
   424 | D        | Reached ** piety under Qazlal
   425 | D        | Reached skill level 2 in Invocations
   425 | D        | Reached XP level 4. HP: 38/38 MP: 5/5
   497 | D        | Noticed a weeping skull
   497 | D        | Noticed a lemure
   497 | D        | Noticed a lemure
   497 | D        | Noticed a lemure
   501 | D        | Noticed a lemure
   502 | D        | Killed a lemure
   507 | D        | Killed a lemure
   507 | D        | Noticed Pikel
   509 | D        | Killed a lemure
   512 | D        | Noticed a fire bat
   514 | D        | Killed a lemure
   518 | D        | Killed Pikel
   518 | D        | Reached *** piety under Qazlal
   519 | D        | Reached skill level 5 in Axes
   519 | D        | Reached skill level 5 in Armour
   519 | D        | Reached skill level 5 in Invocations
   519 | D        | Reached XP level 5. HP: 26/46 MP: 6/9
   519 | D        | Reached XP level 6. HP: 29/52 MP: 6/10
   523 | D        | Reached skill level 6 in Invocations
   524 | D        | Killed a fire bat
   525 | D        | Reached skill level 5 in Shields
   525 | D        | Reached skill level 7 in Invocations
   525 | D        | Reached XP level 7. HP: 43/60 MP: 7/12
   537 | D        | Noticed a glass eye
   539 | D        | Killed a glass eye
   539 | D        | Reached **** piety under Qazlal
   553 | D        | Reached skill level 8 in Invocations
   554 | D        | Reached ***** piety under Qazlal
   561 | D        | Noticed a redback
   563 | D        | Reached XP level 8. HP: 45/68 MP: 4/14
  1219 | D        | Noticed a kobold demonologist
  1222 | D        | Noticed a rust devil
  1227 | D        | Reached skill level 9 in Invocations
  1233 | D        | HP: 3/69 [rust devil[a kobold demonologist] (9)]
  1234 | D        | Noticed a sixfirhy
  1234 | D        | Slain by a sixfirhy

Illustrated notes

Levels and vault maps discovered:
D:        pitsprint [storerooms_1, entrance_room_1, metal_vault_1, armoury_2,
          mini_pit_1, grid_room_1, main_hall_1, silver_pit, the_coven_2,
          the_vestibule_1, steel_vault_1, golden_pit, hallway_of_sentries,
          crystal_vault_2, iron_vault_2, final_vault]

Skill      XL: |  1  2  3  4  5  6  7  8 |
---------------+-------------------------+-----
Armour         | 3 4 5 6 7 |  7.5
Axes           | 3 5 6 7 8 |  8.1
Invocations    | 1 2 5 7 8 9 |  9.0
Fighting       | 4 6 7 8 |  8.5
Shields        | 3 4 5 6 |  6.2

Action                     |  1- 3 |  4- 6 |  7- 9 || total
---------------------------+-------+-------+-------++-------
  Melee: War axe           |    16 |    21 |    23 ||    60
         Trident           |    15 |    21 |    21 ||    57
 Invoke: Disaster Area     |       |       |     1 ||     1
    Use: Potion            |       |     2 |     3 ||     5
 Armour: Scale mail        |    12 |       |       ||    12
         Plate armour      |       |    21 |    43 ||    64
  Dodge: Dodged            |     4 |     6 |    10 ||    20
  Block: Other             |       |     1 |    12 ||    13

Table legend: (Time is in decaauts)
 A = Elapsed time spent in this place.
 B = Non-inter-level travel time spent in this place.
 C = Inter-level travel time spent in this place.
 D = Time resting spent in this place.
 E = Time spent auto-exploring this place.
 F = Levels seen in this place.
 G = Mean time per level.
                   A        B        C        D        E       F      G
               +--------+--------+--------+--------+--------+-----+--------+
         Total |   1260 |   1196 |     64 |    850 |      0 |   1 | 1260.0 |
       Dungeon |   1260 |   1196 |     64 |    850 |      0 |   1 | 1260.0 |
               +--------+--------+--------+--------+--------+-----+--------+

Top non-repeatable levels by time:
       D: 1260 daAuts
